 Dungeon Crawl Stone Soup version 0.27.1-33-g824d729ab1 (webtiles) character file.

Game seed: 11248787220466807721

131 hilljack the Digger (level 5, -2/28 HPs)
             Began as a Gargoyle Earth Elementalist on Nov 25, 2021.
             Slain by an iguana (10 damage)
             ... on level 4 of the Dungeon.
             The game lasted 00:05:45 (3372 turns).

hilljack the Digger (Gargoyle Earth Elementalist)   Turns: 3372, Time: 00:05:45

Health: -2/28      AC: 10    Str: 11    XL:     5   Next: 14%
Magic:  3/9        EV: 12    Int: 17    God:
Gold:   176        SH:  0    Dex: 10    Spells: 6/9 levels left

rFire    + . .     SeeInvis .   f - +1 whip
rCold    . . .     Faith    .   (no shield)
rNeg     + + .     Spirit   .   i - +2 robe {rF+}
rPois    ∞         Reflect  .   b - +1 helmet
rElec    +         Harm     .   (no cloak)
rCorr    .         Rampage  .   (no gloves)
Will     .....                  (no boots)
Stlth    ++........             (no amulet)
HPRegen  0.09/turn              e - ring of positive energy
MPRegen  0.11/turn              (no ring)

@: no status effects
A: sickness immunity, AC +4, negative energy resistance 1, electricity
resistance, torment resistance 1, petrification resistance
a: no special abilities


You were on level 4 of the Dungeon.
You visited 1 branch of the dungeon, and saw 4 of its levels.

You collected 176 gold pieces.

Inventory:

Hand Weapons
 f - a +1 whip (weapon)
Missiles
 c - 169 stones
 d - a throwing net
Armour
 b - a +1 helmet (worn)
 i - a +2 robe of fire resistance (worn)
Jewellery
 e - a ring of positive energy (left hand)
Wands
 n - a wand of charming (8)
Scrolls
 l - 3 scrolls of blinking
Potions
 a - a potion of might
 g - 3 potions of flight
 h - a potion of brilliance
 j - a potion of attraction
 k - a potion of resistance {unknown}
 m - 2 potions of curing


   Skills:
 + Level 0.9 Armour
 + Level 2.4 Dodging
 - Level 2.1 Stealth
 + Level 2.8 Spellcasting
 + Level 2.0 Transmutations
 + Level 4.5 Earth Magic


You had 6 spell levels left.
You knew the following spells:

 Your Spells              Type           Power      Damage    Failure   Level
a - Sandblast             Erth           36%        2d10      2%          1
b - Passwall              Tmut/Erth      10%        N/A       7%          2

Your spell library contained the following spells:

 Spells                   Type           Power      Damage    Failure   Level
 Stone Arrow              Conj/Erth      20%        3d8       21%         3
 Ensorcelled Hibernation  Hex/Ice        4%         N/A       26%         2
 Spider Form              Tmut/Pois      2%         N/A       34%         3
 Petrify                  Tmut/Erth      13%        N/A       41%         4
 Gell's Gravitas          Tloc           1%         N/A       47%         3
 Teleport Other           Tloc           2%         N/A       47%         3
 Dispersal                Tloc           1%         N/A       100%        6
 Shadow Creatures         Summ           N/A        N/A       100%        6


Dungeon Overview and Level Annotations

Branches:
Dungeon (4/15)
 Temple: D:4-7

Altars:
Ru
Wu Jian


Innate Abilities, Weirdness & Mutations

You are immune to sickness and miasma.
Your stone body is resilient. (AC +4)
You are immune to poison.
You resist negative energy. (rN+)
You are resistant to electric shocks. (rElec)
You are resistant to unholy torment.
You are immune to petrification.


Message History

You hit the iguana but do no damage.
The iguana is lightly wounded.
The iguana bites you.
The blast of sand hits the iguana but does no damage.
The iguana is lightly wounded.
The iguana bites you.
You are too injured to fight recklessly!
You are too injured to fight recklessly!
You are too injured to fight recklessly!
Aiming: Sandblast (safe; 2% risk of failure)
Press: ? - help, Q - select action, (/) - cycle Shift-Dir - straight line, f/p - iguana
Aim: an iguana (lightly wounded, 82% to hit)
The blast of sand misses the iguana.
The iguana barely misses you.
Aiming: Sandblast (safe; 2% risk of failure)
Press: ? - help, Q - select action, (/) - cycle Shift-Dir - straight line, f/p - iguana
Aim: an iguana (lightly wounded, 82% to hit)
The blast of sand hits the iguana but does no damage.
The iguana is lightly wounded.
The iguana barely misses you.
Aiming: Sandblast (safe; 2% risk of failure)
Press: ? - help, Q - select action, (/) - cycle Shift-Dir - straight line, f/p - iguana
Aim: an iguana (lightly wounded, 82% to hit)
The blast of sand hits the iguana.
The iguana is moderately wounded.
The iguana bites you.
* * * LOW HITPOINT WARNING * * *
Aiming: Sandblast (safe; 2% risk of failure)
Press: ? - help, Q - select action, (/) - cycle Shift-Dir - straight line, f/p - iguana
Aim: an iguana (moderately wounded, 82% to hit)
The blast of sand hits the iguana!
The iguana is almost dead.
The iguana bites you but does no damage.
Aiming: Sandblast (safe; 2% risk of failure)
Press: ? - help, Q - select action, (/) - cycle Shift-Dir - straight line, f/p - iguana
Aim: an iguana (almost dead, 82% to hit)
The blast of sand hits the iguana.
The iguana is almost dead.
The iguana bites you!
You die...

#.# #.# #.#
#.# #.# #.#
#.#
#########.#.#
#..l@.......#
#.#######.#+#
#... #.....
).......
#.....#.
#.##### .#


You could see an iguana.

Vanquished Creatures
  Jessica (D:2)
  An orc wizard (D:3)
  Robin (D:1)
  3 worms (D:2)
  2 orcs (D:3)
  7 endoplasms
  2 giant cockroaches
  8 goblins
  7 hobgoblins
  A jackal (D:1)
  2 kobolds (D:1)
  A quokka (D:1)
  3 ball pythons
  6 bats
  A frilled lizard (D:1)
  10 rats
56 creatures vanquished.

Vanquished Creatures (others)
  A fungus (D:1)
  7 plants (D:1)
8 creatures vanquished.

Grand Total: 64 creatures vanquished

Notes
Turn   | Place    | Note
-------+----------+-------------------------------------------
     0 | D:1      | hilljack the Gargoyle Earth Elementalist began the quest
                  | for the Orb.
     0 | D:1      | Reached XP level 1. HP: 10/10 MP: 3/3
   495 | D:1      | Reached skill level 1 in Transmutations
   578 | D:1      | Reached XP level 2. HP: 5/15 MP: 3/5
   602 | D:1      | Learned a level 2 spell: Passwall
  1205 | D:1      | Reached skill level 4 in Earth Magic
  1503 | D:1      | Found a faded altar of an unknown god.
  1536 | D:2      | Reached XP level 3. HP: 16/19 MP: 6/6
  1630 | D:2      | Noticed Jessica
  1655 | D:2      | Killed Jessica
  1734 | D:2      | Noticed Robin
  1739 | D:2      | Reached XP level 4. HP: 16/24 MP: 4/7
  1956 | D:1      | Killed Robin
  2463 | D:2      | Found an ornate altar of the Wu Jian Council.
  2912 | D:3      | Found a sacrificial altar of Ru.
  2983 | D:3      | Reached XP level 5. HP: 26/28 MP: 9/9
  3372 | D:4      | Slain by an iguana

Illustrated notes

Levels and vault maps discovered:
D:1:      psy_arrival_dodecagon, layout_loops_ring,
          dreamdust_ecumenical_altar_hidden_monk_grotto
D:2:      layout_loops_ring, basic_altar, minivault_23, uniq_jessica, uniq_robin
D:3:      layout_basic, mainiacjoe_overflow_24_doors
D:4:      layout_basic, serial_shops, nicolae_shop_statue_plus,
          kennysheep_mini_moat, lemuel_flame_loot_1

Skill      XL: |  1  2  3  4  5 |
---------------+----------------+-----
Transmutations | 1 2 |  2.0
Earth Magic    | 4 |  4.5
Dodging        | 2 |  2.4
Armour         | |  0.9
Stealth        | |  2.1
Spellcasting   | |  2.8

Action                   |  1- 3 |  4- 6 || total
-------------------------+-------+-------++-------
Melee: Unarmed           |    32 |       ||    32
       Whip              |    36 |   120 ||   156
 Cast: Sandblast         |    26 |    15 ||    41
  Use: Scroll            |     3 |     6 ||     9
       Potion            |     2 |       ||     2
 Stab: Sleeping          |     1 |       ||     1
Armor: Robe              |    16 |    73 ||    89
Dodge: Dodged            |    41 |   114 ||   155
